 Dungeon Crawl Stone Soup version 0.23.2-33-g5129a83184 (webtiles) character file.

Game seed: 7082380718231199049

263 DildoBatman the Conjurer (level 6, -1/41 HPs)
             Began as a Formicid Wizard on Aug 8, 2019.
             Was an Initiate of Kikubaaqudgha.
             Killed by nerve-wracking pain
             ... invoked by a shadow imp
             ... summoned by Natasha
              (11 damage)
             ... in the Ecumenical Temple.
             The game lasted 00:10:02 (3470 turns).

DildoBatman the Conjurer (Formicid Wizard)          Turns: 3470, Time: 00:10:03

Health: -1/41      AC:  4    Str: 12    XL:     6   Next: 42%
Magic:  2/10       EV: 31    Int: 19    God:    Kikubaaqudgha [......]
Gold:   148        SH:  4    Dex:  9    Spells: 4/11 levels left

rFire    . . .     SeeInvis +   a - +1 hunting sling (flame)
rCold    . . .     Gourm    .   x - +0 buckler
rNeg     . . .     Faith    .   g - +0 robe
rPois    .         Spirit   .   (helmet unavailable)
rElec    .         Reflect  .   (no cloak)
rCorr    .         Harm     .   (no gloves)
MR       .....                  l - +0 pair of boots
Stlth    ++........             E - amulet of the acrobat
HPRegen  0.13/turn              k - +1 ring of protection
MPRegen  0.12/turn              j - +4 ring of evasion

@: acrobat, very slightly contaminated
A: permanent stasis, dig shafts and tunnels, four strong arms, antennae 3
a: Dig, Shaft Self, Renounce Religion


You were in the Ecumenical Temple.
You worshipped Kikubaaqudgha.
Kikubaaqudgha was noncommittal.
You were not hungry.

You visited 2 branches of the dungeon, and saw 5 of its levels.

You collected 148 gold pieces.

Inventory:

Hand Weapons
 a - a +1 hunting sling of flaming (weapon)
 b - a +3 dagger
 e - a +0 trident
Missiles
 i - 26 sling bullets
 m - 14 poisoned needles
 n - 37 arrows
 C - 199 stones (quivered)
Armour
 g - a +0 robe (worn)
 l - a +0 pair of boots (worn)
 x - a +0 buckler (worn)
Jewellery
 c - an uncursed ring of protection from magic
 f - an uncursed ring of resist corrosion
 j - a +4 ring of evasion (right hand)
 k - a +1 ring of protection (left hand)
 t - a +1 ring of evasion
 u - a +5 ring of evasion
 E - an amulet of the acrobat (around neck)
Scrolls
 o - 2 scrolls of enchant armour {unknown}
 r - a scroll of fear {unknown}
 w - a scroll of amnesia {unknown}
 y - 5 scrolls of identify {unknown}
 z - a scroll of teleportation {unknown}
 A - 4 scrolls of enchant weapon {unknown}
 D - 7 scrolls of remove curse {unknown}
Potions
 d - 3 potions of heal wounds {unknown}
 h - 2 potions of curing {unknown}
 p - a potion of degeneration {unknown}
 q - a potion of agility {unknown}
 s - a potion of ambrosia {unknown}
Comestibles
 v - 7 rations


   Skills:
 - Level 1.7 Dodging
 - Level 2.4 Stealth
 - Level 4.0 Shields
 - Level 3.2 Spellcasting
 * Level 4.4 Conjurations
   Level 1.0 Summonings
   Level 0.8 Translocations


You had 4 spell levels left.
You knew the following spells:

 Your Spells              Type           Power        Failure   Level  Hunger
a - Conjure Flame         Conj/Fire      ##......     19%         3    ###....
c - Magic Dart            Conj           ###.         2%          1    None
e - Mephitic Cloud        Conj/Pois/Air  #.......     24%         3    ###....

Your spell library contained the following spells:

 Spells                   Type           Power        Failure   Level  Hunger
 Summon Small Mammal      Summ           #...         10%         1    None
 Apportation              Tloc           #.....       11%         1    None
 Animate Skeleton         Necr           N/A          16%         1    None
 Confusing Touch          Hex            #.....       16%         1    None
 Call Imp                 Summ           #.......     16%         2    ##.....
 Slow                     Hex            #.......     22%         2    ##.....
 Blink                    Tloc           Unusable     N/A         2    N/A

Dungeon Overview and Level Annotations

Branches:
Dungeon (4/15)             Temple (1/1) D:4

Altars:
Ashenzari
Cheibriados
Dithmenos
Elyvilon
Hepliaklqana
Kikubaaqudgha
Makhleb
Nemelex Xobeh
Qazlal
Ru
Sif Muna
Trog
Uskayaw
Vehumet
Xom
Yredelemnul
Zin

Annotations:
D:2 exclusions: frilled lizard, scorpion and worm
Temple Natasha


Innate Abilities, Weirdness & Mutations

You cannot be hasted, slowed, berserked, paralysed or teleported.
You can dig through walls and to a lower floor.
Your four strong arms can wield two-handed weapons with a shield.
You have a pair of large antennae on your head. (SInv)


Message History

Aiming: Magic Dart (safe; 2% risk of failure)
Press: ? - help, Shift-Dir - straight line, f/p - Natasha
Aim: Natasha (severely wounded)
The magic dart hits Natasha.
Natasha is almost dead.
Natasha stares at you and mumbles some strange words.
The magic dart hits you.
Casting: Magic Dart (safe; 2% risk of failure)
Confirm with . or Enter, or press ? or * to list all spells.
Aiming: Mephitic Cloud (safe; 24% risk of failure)
Press: ? - help, Shift-Dir - straight line, f/p - Natasha
Aim: Natasha (almost dead)
You miscast Mephitic Cloud.
You are very lightly contaminated with residual magic.
Ouch! You feel a sudden electric shock.
Natasha casts a spell.
The shadow imp gestures at you. Pain shoots through your body!
You die...
Kikubaaqudgha rasps: "You have failed me!
Welcome... death!"

.#.#...#.##......#...#.#..##
..#...#.......##..#...#..##
#....#....#..#.....#....##
##..#..._...8..._...#.⌠##
##..#.....#..#....#....##
##..#..##.......#...#..##
##..#......##.#...#.#..##
##..#..._...#...#...#..##
##..#.....#@<.#.....#..##
##..#...#...#..._...#..##
##..#.#...#.##......#..##
##..#...#5......##..#..##
##....#...h#..#.....#..#
##⌠.#..._5..8..._...#..
##....#..5..#(.#....#...
##..#...#..##.......#...#
##..#.#...#......##.#...#.


You could see Natasha, a crimson imp and 2 shadow imps.

Vanquished Creatures
  Edmund (D:4)
  Natasha (Temple)
  3 adders
  3 worms
  A dart slug (D:1)
  4 leopard geckos
  5 orcs (D:3)
  2 giant cockroaches
  4 goblins
  9 hobgoblins
  8 jackals
  3 quokkas
  A ball python (D:1)
  13 bats
  3 frilled lizards
  5 kobolds
  A quokka skeleton (D:4)
  9 rats
76 creatures vanquished.

Notes
Turn   | Place    | Note
-------+----------+-------------------------------------------
     0 | D:1      | DildoBatman the Formicid Wizard began the quest for the
                  | Orb.
     0 | D:1      | Reached XP level 1. HP: 13/13 MP: 4/4
    89 | D:1      | Reached skill level 1 in Conjurations
   398 | D:1      | Reached XP level 2. HP: 19/19 MP: 1/6
   759 | D:1      | Reached XP level 3. HP: 20/24 MP: 4/7
   764 | D:1      | Learned a level 3 spell: Conjure Flame
   768 | D:1      | Learned a level 3 spell: Mephitic Cloud
  1271 | D:2      | Found a radiant altar of Vehumet.
  1319 | D:2      | Noticed a scorpion
  1433 | D:2      | Reached XP level 4. HP: 30/30 MP: 2/8
  2251 | D:3      | Reached skill level 1 in Shields
  2440 | D:3      | Reached XP level 5. HP: 35/35 MP: 3/9
  2932 | D:4      | Found a staircase to the Ecumenical Temple.
  2942 | Temple   | Entered the Ecumenical Temple
  3113 | Temple   | Became a worshipper of Kikubaaqudgha
  3177 | D:4      | Noticed Edmund
  3191 | D:4      | Killed Edmund
  3191 | D:4      | Reached XP level 6. HP: 38/41 MP: 3/10
  3341 | D:4      | Noticed Natasha
  3426 | Temple   | Killed Natasha
  3462 | Temple   | Noticed Natasha
  3470 | Temple   | Killed from afar by a shadow imp

Skill      XL: |  1  2  3  4  5 |
---------------+----------------+-----
Conjurations   | 1 2 3 4 |  4.4
Shields        | 2 4 |  4.0
Dodging        | |  1.7
Stealth        | |  2.4
Spellcasting   | |  3.2
Summonings     | |  1.0
Translocations | |  0.8

Action                   |  1- 3 |  4- 6 || total
-------------------------+-------+-------++-------
 Fire: Hunting sling     |    41 |    62 ||   103
 Cast: Magic Dart        |    53 |    37 ||    90
       Mephitic Cloud    |       |     2 ||     2
       Conjure Flame     |       |     1 ||     1
 Abil: Dig               |     3 |     1 ||     4
  Eat: Chunk             |     2 |     6 ||     8
Armor: Robe              |    10 |     5 ||    15
Dodge: Dodged            |    23 |    23 ||    46
Block: Buckler           |       |     3 ||     3
